Map: Ruins of Seras

Players

wabbajack

  • Race: Terran Terran
  • League: Grandmaster

iBro - Winner!

  • Race: Terran Terran

VOD

Have the link to the VOD?

Description

Time

  • Played on: July 14, 2015, 11:05 a.m.
  • Length: 6:18
Show
View Real Time Build Order
Export as new Build Order

wabbajack Terran 

Build Orders:  

Get SALT Encoding   

  12  0:02  SCV  
  13  0:14  SCV  
  14  0:22  Supply Depot  
  14  0:27  SCV  
  15  0:35  Refinery  
  15  0:46  SCV, Barracks  
  16  0:58  SCV  
  17  1:11  SCV  
  18  1:23  SCV  
  19  1:33  Marine  
  19  1:35  Orbital Command  
  20  1:52  Factory  
  20  1:57  Supply Depot  
  20  1:59  Supply Depot, Marine  
  21  2:08  SCV, Refinery  
  22  2:19  Barracks Reactor  
  22  2:20  SCV  
  23  2:32  SCV  
  24  2:38  Armory  
  24  2:57  Marine x2  
  24  2:58  SCV, Starport  
  27  3:01  Factory Tech Lab  
  27  3:11  SCV  
  28  3:17  Supply Depot, Marine x2  
  30  3:23  SCV  
  31  3:35  Thor, SCV  
  31  3:37  Marine  
  31  3:39  Marine  
  40  3:44  Supply Depot  
  40  3:52  SCV  
  40  3:55  Medivac  
  43  3:56  Marine  
  43  3:57  Marine  
  45  4:04  SCV  
  45  4:07  Supply Depot  
  46  4:14  Marine x2  
  48  4:24  SCV  
  49  4:44  Thor  
  55  4:46  Marine x2  
  55  4:49  Medivac  
  59  5:08  Command Center  
  59  5:13  Marine  
  59  5:14  Marine  
  61  5:24  Supply Depot  
  61  5:31  Marine  
  62  5:48  Marine  
  62  5:49  Marine  
Show
View Real Time Build Order
Export as new Build Order

iBro Terran - Winner!

Build Orders: Command Center First (CC) 

Get SALT Encoding   

  12  0:01  SCV  
  13  0:13  SCV  
  14  0:25  SCV  
  14  0:26  Supply Depot  
  15  0:47  SCV  
  16  1:03  SCV  
  16  1:04  Command Center  
  17  1:15  Barracks  
  17  1:18  SCV  
  18  1:30  SCV  
  19  1:34  Barracks  
  19  1:45  SCV  
  19  1:46  Refinery  
  20  1:57  SCV  
  20  2:00  Supply Depot  
  21  2:02  Marine  
  22  2:10  Orbital Command  
  22  2:21  Orbital Command  
  22  2:24  Marine  
  24  2:37  SCV, Barracks Tech Lab, Refinery  
  24  2:54  Bunker  
  24  3:05  Bunker  
  24  3:14  SCV, Orbital Command  
  24  3:19  Marine  
  28  3:20  Marauder  
  28  3:29  Factory  
  28  3:30  SCV  
  29  3:37  Marine  
  32  3:41  Marauder  
  32  3:42  Bunker  
  32  3:51  SCV  
  32  3:55  Marine  
  34  3:58  SCV  
  35  4:04  Barracks  
  35  4:07  SCV  
  35  4:08  Engineering Bay, Marine  
  37  4:10  SCV  
  37  4:13  Marine  
  39  4:19  SCV  
  39  4:22  SCV  
  41  4:28  Factory Tech Lab  
  41  4:34  SCV x2, Marine  
  41  4:35  Starport, Marauder  
  46  4:42  Missile Turret  
  46  4:55  Supply Depot x2  
  46  4:56  Supply Depot  
  46  4:57  SCV x2, Marauder, Marine  
  46  4:58  Barracks Tech Lab  
  51  5:05  Siege Tank  
  54  5:16  SCV  
  54  5:18  Engineering Bay  
  54  5:20  Starport Reactor  
  55  5:23  Marine  
  55  5:24  Marauder  
  55  5:25  SCV  
  55  5:26  Refinery  
  55  5:27  Refinery  
  59  5:28  SCV  
  60  5:38  SCV, Siege Tank  
  60  5:39  Command Center  
  60  5:42  SCV  
  65  5:57  Marine  
Tags
 
Add a new tag
Caveats
  • Supply blocks, unpowered buildings, or Contaminate may cause inaccurate times.
  • Supply counts are checked every 10 seconds.